 Dungeon Crawl Stone Soup version 0.31-a0-246-g8cbcc1cb85 (webtiles) character file.

Game seed: 340362682779274100

933 qw the Skirmisher (level 7, -17/61 HPs)
             Began as a Minotaur Hexslinger on July 12, 2023.
             Demolished by an ogre
             ... wielding a +0 giant spiked club
              (35 damage)
             ... on level 5 of the Dungeon.
             The game lasted 00:01:32 (3913 turns).

qw the Skirmisher (Minotaur Hexslinger)             Turns: 3913, Time: 00:01:32

Health: -17/61     AC:  8    Str: 12    XL:     7   Next: 86%
Magic:  7/7        EV: 11    Int: 10    God:
Gold:   213        SH:  0    Dex: 15    Spells: 7/8 levels left

rFire   . . .        Y - +0 arbalest
rCold   . . .        (shield currently unavailable)
rNeg    . . .        k - +0 ring mail
rPois   +            (helmet restricted)
rElec   .            (no cloak)
rCorr   .            (no gloves)
SInv    .            g - +2 pair of boots
Will    .....        (no amulet)
Stlth   +            h - ring of poison resistance
HPRegen 0.30/turn    (no ring)
MPRegen 0.10/turn

%: no passive effects
@: no status effects
A: horns 2, retaliatory headbutt
a: no special abilities


You were on level 5 of the Dungeon.
You visited 1 branch of the dungeon, and saw 5 of its levels.

You collected 213 gold pieces.


Innate Abilities, Weirdness & Mutations

You have a pair of horns on your head.
You reflexively headbutt those who attack you in melee.


   Skills:
 - Level 5.3 Fighting
 + Level 8.5 Ranged Weapons
 - Level 2.2 Armour
 - Level 2.1 Dodging
 - Level 1.0 Spellcasting
 - Level 2.0 Hexes


You had 7 spell levels left.
You knew the following spells:

 Your Spells              Type           Power      Damage    Failure   Level
a - Slow                  Hex            16%        N/A       32%         1

Your spell library contained the following spells:

 Spells                   Type           Power      Damage    Failure   Level
 Inner Flame              Hex/Fire       2%         N/A       83%         3
 Portal Projectile        Hex/Tloc       4%         N/A       83%         3
 Cause Fear               Hex            2%         N/A       97%         4

Inventory:

Hand Weapons
 Y - a +0 arbalest (weapon)
Armour
 g - a +2 pair of boots (worn)
 k - a +0 ring mail (worn)
 p - a +0 cloak
Jewellery
 h - a ring of poison resistance (left hand)
 l - a ring of ice
Scrolls
 a - 2 scrolls of teleportation
 i - a scroll of noise {unknown}
 n - 2 scrolls of identify
Potions
 b - a potion of ambrosia {unknown}
 c - a potion of mutation {unknown}
 d - a potion of magic {unknown}
 e - a potion of invisibility {unknown}
 f - 2 potions of resistance {unknown}
 j - a potion of degeneration {unknown}
 m - a potion of brilliance {unknown}
 o - a potion of might {unknown}

Dungeon Overview and Level Annotations

Branches:
Dungeon (5/15)
 Temple: D:4-7

Altars:
Wu Jian
Zin


Message History

Enter note:
Enter note:
Enter note:
Enter note: You open the door.
There is an open door here.
p - a +0 cloak
Enter note:
Enter note:
Enter note:
Enter note:
Enter note:
Enter note:
Enter note:
Enter note:
Enter note: An ogre comes into view. It is wielding a +0 giant spiked club.
The ogre shouts!
Enter note:
Enter note:
Enter note:
Enter note:
Enter note:
Enter note:
Enter note:
Enter note:
Enter note: You shoot a bolt.
The bolt hits the ogre!
The ogre is heavily wounded.
You shoot a bolt. The bolt barely misses the ogre.
You shoot a bolt. The bolt hits the ogre!
The ogre is severely wounded.
The ogre hits you with a +0 giant spiked club!!
A jelly comes into view.
The ogre hits you with a +0 giant spiked club!
The jelly quivers.
You shoot a bolt. The bolt barely misses the ogre.
The ogre hits you with a +0 giant spiked club!!
Ouch! That really hurt!
You die...

.# #.....#.# .#
#.....#.##### .# ###
##.....#...... .#
..###..###.#######
.######## #.##..## #.#
......... #.##.## #.#
#####
.###############.##.#
#.###.... ##
.J.........# #.#.'....
# #######@####
#.#.#.... # ......O...#
#.#.#....
###########.##....##
#.#.#.... ...........
#....# #.#.#####
#.....###
#.##....#######.#.# #
#.#......
..............)...#####
.........
.##....#######........
.##.###..
#|...#..............
..#.# .
#....#.#####........


You could see an ogre and a jelly.

Vanquished Creatures
  A black bear (D:5)
  2 centaurs (D:5)
  2 phantoms (D:4)
  A scorpion (D:4)
  A howler monkey (D:4)
  An orc priest (D:4)
  4 sleepcaps
  3 iguanas
  An orc wizard (D:4)
  3 gnolls (D:4)
  3 adders
  A shadow imp (D:4)
  An ufetubus (D:5)
  2 worms
  2 dart slugs
  23 orcs
  A ball python (D:2)
  5 bats
  5 endoplasms
  4 giant cockroaches
  13 goblins
  10 hobgoblins
  2 jackals (D:5)
  14 kobolds
  3 quokkas
  3 frilled lizards
  6 rats
117 creatures vanquished.

Notes
Turn   | Place    | Note
-------+----------+-------------------------------------------
     0 | D:1      | qw the Minotaur Hexslinger began the quest for the Orb.
     0 | D:1      | Reached XP level 1. HP: 16/16 MP: 1/1
     0 | D:1      | 0 ||| qw: Version: 0.3-a-52-g30416fa
     0 | D:1      | 0 ||| qw: Game counter: 6387
     0 | D:1      | 0 ||| qw: Melee chars always use a shield: true
     0 | D:1      | 0 ||| qw: God list: Okawaru
     0 | D:1      | 0 ||| qw: Allow faded altars: false
     0 | D:1      | 0 ||| qw: Do Orc after clearing Dungeon:15 true
     0 | D:1      | 0 ||| qw: Do second Lair branch before Depths: true
     0 | D:1      | 0 ||| qw: Lair rune preference: random
     0 | D:1      | 0 ||| qw: Goals: Normal
     0 | D:1      | 0 ||| PLANNING D:1-11
    88 | D:1      | Found a faded altar of an unknown god.
   210 | D:1      | Reached skill level 3 in Ranged Weapons
   250 | D:1      | Reached XP level 2. HP: 23/23 MP: 2/2
   657 | D:1      | 657 ||| UPGRADING to +2 pair of boots.
   662 | D:1      | 662 ||| UPGRADING to +0 ring mail.
   672 | D:1      | 672 ||| DROPPING +0 robe.
   673 | D:1      | 673 ||| READING scroll labelled LIUHOE EXTARR.
   674 | D:1      | 674 ||| READING scroll labelled MOXTUM VUAJ.
   675 | D:1      | 675 ||| READING scroll labelled ZEIDDE IRUU.
   676 | D:1      | 676 ||| READING scroll labelled OSCHYEMASMI.
   677 | D:1      | 677 ||| DROPPING scroll of poison.
   740 | D:2      | Found a glowing silver altar of Zin.
   802 | D:2      | Reached XP level 3. HP: 29/29 MP: 3/3
   820 | D:2      | 820 ||| READING scroll of enchant weapon.
   820 | D:2      | 820 ||| ENCHANTING +2 sling of draining.
  1175 | D:2      | Reached skill level 4 in Ranged Weapons
  1199 | D:2      | 1199 ||| UPGRADING to ring of poison resistance.
  1200 | D:2      | 1200 ||| READING 2 scrolls labelled USEJAVUUQIGH.
  1201 | D:2      | 1201 ||| READING scroll labelled XUJ NOZALETHRISOIV.
  1302 | D:2      | 1302 ||| READING scroll labelled ZIETOS SUTIOSH.
  1306 | D:2      | 1306 ||| DRINKING 4 sedimented yellow potions.
  1307 | D:2      | 1307 ||| DROPPING scroll of amnesia.
  1308 | D:2      | 1308 ||| DROPPING 3 potions of attraction.
  1323 | D:3      | 1323 ||| STAIRDANCE
  1389 | D:3      | Found an ornate altar of the Wu Jian Council.
  1467 | D:3      | Reached skill level 1 in Armour
  1800 | D:3      | Reached XP level 4. HP: 36/36 MP: 4/4
  1938 | D:4      | Reached skill level 5 in Ranged Weapons
  2003 | D:4      | Reached skill level 3 in Fighting
  2003 | D:4      | Reached XP level 5. HP: 44/45 MP: 5/5
  2071 | D:4      | 2071 ||| FLEEEEING.
  2072 | D:4      | 2072 ||| FLEEEEING.
  2242 | D:4      | Reached skill level 6 in Ranged Weapons
  2244 | D:4      | Noticed a phantom
  2254 | D:4      | Killed a phantom
  2255 | D:4      | Reached XP level 6. HP: 41/52 MP: 6/6
  2453 | D:4      | 2453 ||| FLEEEEING.
  2455 | D:4      | 2455 ||| FLEEEEING.
  2456 | D:4      | 2456 ||| FLEEEEING.
  2457 | D:4      | 2457 ||| FLEEEEING.
  2458 | D:4      | 2458 ||| FLEEEEING.
  2459 | D:4      | 2459 ||| FLEEEEING.
  2460 | D:4      | 2460 ||| FLEEEEING.
  2461 | D:4      | 2461 ||| FLEEEEING.
  2462 | D:4      | 2462 ||| FLEEEEING.
  2463 | D:4      | 2463 ||| FLEEEEING.
  2464 | D:4      | 2464 ||| FLEEEEING.
  2465 | D:4      | 2465 ||| FLEEEEING.
  2466 | D:4      | 2466 ||| FLEEEEING.
  2468 | D:4      | 2468 ||| FLEEEEING.
  2469 | D:4      | 2469 ||| FLEEEEING.
  2471 | D:4      | 2471 ||| FLEEEEING.
  2472 | D:4      | 2472 ||| FLEEEEING.
  2473 | D:4      | 2473 ||| FLEEEEING.
  2474 | D:4      | 2474 ||| FLEEEEING.
  2475 | D:4      | 2475 ||| FLEEEEING.
  2476 | D:4      | 2476 ||| FLEEEEING.
  2664 | D:4      | Reached skill level 7 in Ranged Weapons
  2715 | D:4      | Reached XP level 7. HP: 59/59 MP: 7/7
  3007 | D:4      | 3007 ||| SWAPPING to +0 arbalest.
  3008 | D:4      | 3008 ||| DROPPING +3 sling of draining.
  3009 | D:4      | 3009 ||| READING scroll labelled REPRYE GIEXKAITA.
  3010 | D:4      | 3010 ||| READING scroll labelled FOULAUTOSE.
  3027 | D:5      | Entered Level 5 of the Dungeon
  3030 | D:5      | 3030 ||| STAIRDANCE
  3249 | D:5      | Reached skill level 8 in Ranged Weapons
  3913 | D:5      | Demolished by an ogre

Levels and vault maps discovered:
D:1:      eino_arrival_water_star, layout_basic, ebering_ecumenical_altar_box,
          minivault_24, minmay_domino_2
D:2:      layout_rooms, basic_altar, roderic_lattice_a
D:3:      layout_rooms, mainiacjoe_overflow_surrounded_room,
          minmay_misc_feat_ornament, kennysheep_generic_room_6
D:4:      corexii_shantytown, layout_loops_corners
D:5:      layout_basic, kennysheep_small_square

Skill      XL: |  1  2  3  4  5  6  7 |
---------------+----------------------+-----
Ranged Weapons | 3 4 5 6 7 8 |  8.5
Fighting       | 2 3 4 5 |  5.3
Armour         | 1 2 |  2.2
Dodging        | |  2.1
Spellcasting   | |  1.0
Hexes          | |  2.0

Action                     |  1- 3 |  4- 6 |  7- 9 || total
---------------------------+-------+-------+-------++-------
   Fire: Sling             |    95 |   142 |     5 ||   242
         Arbalest          |       |       |    68 ||    68
    Use: Scroll            |     8 |       |     2 ||    10
         Potion            |     1 |       |       ||     1
 Armour: Robe              |     6 |       |       ||     6
         Ring mail         |    10 |    32 |    25 ||    67
  Dodge: Dodged            |    25 |    39 |    40 ||   104

Table legend:
 A = Non-vault XP
 B = Vault XP
 C = Vault XP percentage of total XP
 D = Non-vault monster count
 E = Vault monster count
 F = Vault count percentage of total count
                 A         B        C        D         E       F
            +---------+---------+-------+---------+---------+-------
      Total |    1166 |     168 |  12.6 |      75 |      42 |  35.9
            +---------+---------+-------+---------+---------+-------
        D:1 |      28 |       2 |   6.7 |      18 |       1 |   5.3
        D:2 |      41 |       0 |   0.0 |      16 |       0 |   0.0
        D:3 |      23 |       4 |  14.8 |       5 |       1 |  16.7
        D:4 |     527 |     162 |  23.5 |      21 |      40 |  65.6
        D:5 |     547 |       0 |   0.0 |      15 |       0 |   0.0
            +---------+---------+-------+---------+---------+-------
